 Dungeon Crawl Stone Soup version 0.29.1-13-g9f3cf754e1 (webtiles) character file.

Game seed: 8171967910307259258

135 growler the Trooper (level 4, -2/39 HPs)
             Began as a Demonspawn Wanderer on Jan 22, 2023.
             Slain by a gnoll
             ... wielding a +0 whip
             ... led by a gnoll bouda
              (6 damage)
             ... on level 3 of the Dungeon.
             The game lasted 00:06:30 (4205 turns).

growler the Trooper (Demonspawn Wanderer)           Turns: 4205, Time: 00:06:31

Health: -2/39      AC:  3    Str: 15    XL:     4   Next: 97%
Magic:  4/4        EV: 10    Int: 13    God:
Gold:   107        SH:  4    Dex: 12    Spells: 3/3 levels left

rFire   . . .      SeeInvis .   a - +1 dagger (vorpal)
rCold   . . .      Faith    .   c - +1 buckler
rNeg    . . .      Spirit   .   e - +0 leather armour
rPois   .          Reflect  .   (helmet restricted)
rElec   .          Harm     .   (no cloak)
rCorr   .          Rampage  .   (no gloves)
Will    .....                   (no boots)
Stlth   +.........              (no amulet)
HPRegen 0.13/turn               (no ring)
MPRegen 0.09/turn               (no ring)

@: no status effects
A: horns 1, demonic guardian 1
a: no special abilities


You were on level 3 of the Dungeon.
You visited 1 branch of the dungeon, and saw 4 of its levels.

You collected 107 gold pieces.

Inventory:

Hand Weapons
 a - a +1 vorpal dagger (weapon)
Missiles
 b - 3 curare-tipped darts (quivered)
 h - 5 boomerangs
 u - 5 poisoned darts
Armour
 c - a +1 buckler (worn)
 e - a +0 leather armour (worn)
Jewellery
 g - an amulet of regeneration
Scrolls
 d - 2 scrolls of fog
 k - a scroll of amnesia {unknown}
 l - a scroll of enchant armour
 m - a scroll of enchant weapon {unknown}
 n - a scroll of fear
 p - a scroll of teleportation
 s - a scroll of noise {unknown}
 t - a scroll of poison {unknown}
Potions
 f - a potion of might
 i - 2 potions of curing
 o - a potion of heal wounds
 q - a potion of flight
 r - a potion of invisibility
 v - a potion of haste


   Skills:
 - Level 5.0 Fighting
 + Level 5.0 Throwing
 - Level 1.0 Stealth
 - Level 1.0 Shields


You had 3 spell levels left.
You didn't know any spells.
Your spell library contained the following spells:

 Spells                   Type           Power      Damage    Failure   Level
 Beastly Appendage        Tmut           0%         N/A       45%         1
 Freeze                   Ice            0%         1d3       45%         1
 Wereblood                Tmut           0%         N/A       61%         2
 Frozen Ramparts          Ice            0%         1d1       83%         3
 Spider Form              Tmut/Pois      0%         N/A       83%         3
 Tukima's Dance           Hex            0%         N/A       83%         3
 Hailstorm                Conj/Ice       0%         3d3       99%         4
 Passage of Golubria      Tloc           0%         N/A       99%         4
 Yara's Violent Unravell  Hex/Tmut       0%         3d3       100%        5


Dungeon Overview and Level Annotations

Branches:
Dungeon (4/15)
 Temple: D:4-7

Altars:

Shops:
D:1 (


Innate Abilities, Weirdness & Mutations

You have a pair of small horns on your head.
A weak demonic guardian rushes to your aid.


Message History

The gnoll closely misses you. The gnoll barely misses you.
The gnoll attacks as you move away! The gnoll hits you with a +0 flail!
The gnoll bouda gazes fiercely through you!
You feel as though you will be weak longer.
The gnoll barely misses you. The gnoll hits you with a +0 flail.
The gnoll attacks as you move away! The gnoll hits you with a +0 flail!
The gnoll attacks as you move away! The gnoll closely misses you.
Your attacks no longer feel as feeble.
You block the gnoll's attack. The gnoll hits you but does no damage.
The gnoll hits you with a +0 flail. The gnoll attacks as you move away!
The gnoll hits you with a +0 flail!
* * * LOW HITPOINT WARNING * * *
The gnoll attacks as you move away! You block the gnoll's attack.
The gnoll attacks as you move away! The gnoll closely misses you.
The gnoll hits you with a +0 whip.
* * * LOW HITPOINT WARNING * * *
A demonic guardian appears!
The gnoll barely misses you.
The gnoll hits your iron imp with a +0 flail!
The gnoll hits your iron imp with a +0 flail.
Your iron imp barely misses the gnoll.
The gnoll barely misses your iron imp.
The gnoll is no longer moving quickly. x2; Your iron imp hits the gnoll!
The gnoll is no longer moving quickly.
The gnoll closely misses your iron imp.
Your iron imp hits the gnoll.
The gnoll attacks as you move away! The gnoll hits you with a +0 whip.
* * * LOW HITPOINT WARNING * * *
The gnoll hits your iron imp with a +0 halberd!
Your iron imp dies!
Your iron imp disappears in a puff of smoke!
The gnoll attacks as you move away! The gnoll closely misses you.
There is an open door here.
The gnoll attacks as you move away! The gnoll misses you.
There is a stone staircase leading up here.
The gnoll closely misses you.
You climb upwards.
There is a stone staircase leading down here.
You hit the gnoll.
The gnoll is heavily wounded.
The gnoll hits you but does no damage. The gnoll hits you with a +0 whip.
You die...

#.......<##### ##.# #........#
#.# # #........# #.# #
#........##### #.# ##
###............####)#####.
##..........###.....)......
#...........# ######.#####.
#.#....(....# #.# #..
#.#.......@.# #.####..
##.#......g.## #.......
######..#........###### ##......
....#.................####...##..
.........^...................#..#
......................##.##.##...
....>....................##..#...
..)......................##......
..†...................##.##.###.#


You could see a gnoll.

Vanquished Creatures
  An iguana (D:3)
  3 adders
  An ufetubus (D:4)
  5 endoplasms
  A giant cockroach (D:2)
  11 goblins
  10 hobgoblins
  7 jackals
  9 kobolds
  A quokka (D:3)
  4 ball pythons
  5 bats
  4 frilled lizards
  3 rats
65 creatures vanquished.

Vanquished Creatures (collateral kills)
  A bat (D:3)
  2 rats (D:3)
3 creatures vanquished.

Grand Total: 68 creatures vanquished

Notes
Turn   | Place    | Note
-------+----------+-------------------------------------------
     0 | D:1      | growler the Demonspawn Wanderer began the quest for the
                  | Orb.
     0 | D:1      | growler set off with the following items: a +1 vorpal
                  | dagger, 3 curare-tipped darts, a +0 buckler, a scroll of
                  | fog, a +0 leather armour.
     0 | D:1      | Reached XP level 1. HP: 19/19 MP: 1/1
   333 | D:1      | Found Zarepe's Weapon Shop.
   362 | D:1      | Gained mutation: A weak demonic guardian rushes to your
                  | aid. [demonic ancestry]
   362 | D:1      | Reached XP level 2. HP: 26/26 MP: 2/2
   759 | D:1      | Found a faded altar of an unknown god.
  1457 | D:2      | Reached skill level 5 in Fighting
  1517 | D:2      | Discovered your monstrous ancestry.
  1517 | D:2      | Gained mutation: You have a pair of small horns on your
                  | head. [demonic ancestry]
  1517 | D:2      | Reached XP level 3. HP: 25/33 MP: 0/3
  3054 | D:3      | Reached XP level 4. HP: 15/39 MP: 4/4
  3825 | D:3      | Reached skill level 5 in Throwing
  4205 | D:3      | Slain by a gnoll

Illustrated notes

Levels and vault maps discovered:
D:1:      roderic_octagonal_star, layout_loops_ring,
          dreamdust_ecumenical_altar_hidden_monk_grotto, serial_shops,
          nicolae_diamond_shop, minmay_domino_4
D:2:      layout_basic, chequers_serial_rivers_room_b,
          nicolae_elevator_lobby_asterisk
D:3:      layout_rooms
D:4:      layout_gridville, mainiacjoe_overflow_brackets, amcnicky_altar_gilded,
          portal_sewer_entry_e, uniq_robin

Skill      XL: |  1  2  3  4 |
---------------+-------------+-----
Fighting       | 5 |  5.0
Throwing       | 4 5 |  5.0
Stealth        | |  1.0
Shields        | |  1.0

Action                   |  1- 3 |  4- 6 || total
-------------------------+-------+-------++-------
Melee: Dagger            |   178 |    75 ||   253
       Headbutt          |    11 |    13 ||    24
  Use: Scroll            |       |     9 ||     9
Armor: Leather armour    |    40 |    26 ||    66
Dodge: Dodged            |    95 |    59 ||   154
Block: Buckler           |    28 |    18 ||    46
